Map: Ulrena

Players

trutacz

  • Race: Zerg Zerg
  • League: Master

Miszu - Winner!

  • Race: Terran Terran
  • League: Master

VOD

Have the link to the VOD?

Description

Time

  • Played on: May 10, 2016, 9:12 a.m.
  • Length: 2:42
Show
View Real Time Build Order
Export as new Build Order

trutacz Zerg 

Build Orders: Hatch First 

Get SALT Encoding   

  12  0:01  Drone  
  13  0:14  Overlord  
  13  0:18  Drone  
  14  0:33  Drone  
  14  0:34  Drone  
  16  0:36  Drone  
  17  0:55  Drone, Hatchery  
  17  0:59  Drone  
  18  1:09  Extractor  
  17  1:15  Spawning Pool  
  17  1:17  Drone  
  17  1:20  Drone  
  18  1:29  Drone  
  19  2:05  Zergling x2  
  19  2:06  Zergling x4  
  18  2:09  Zergling x2  
  14  2:20  Zergling x4  
  13  2:28  Spine Crawler  
Show
View Real Time Build Order
Export as new Build Order

Miszu Terran - Winner!

Build Orders:  

Get SALT Encoding   

  12  0:01  SCV  
  13  0:13  SCV  
  14  0:19  Supply Depot  
  14  0:25  SCV  
  15  0:42  Barracks  
  15  0:53  Barracks  
  15  1:04  Barracks  
  15  1:30  Marine, Barracks  
  16  1:40  Marine  
  16  1:41  Supply Depot  
  17  1:47  Marine  
  17  1:50  Marine  
  19  1:58  Marine  
  20  2:05  Marine  
  20  2:08  Marine  
  19  2:16  Marine  
  19  2:18  Marine  
  21  2:23  Marine  
Tags
 
Add a new tag
Caveats
  • Supply blocks, unpowered buildings, or Contaminate may cause inaccurate times.
  • Supply counts are checked every 10 seconds.